 Dungeon Crawl Stone Soup version 0.18-a0-486-gab6c0bd (webtiles) character file.

26 M4edhros the Charlatan (level 3, -5/23 HPs)
             Began as an Octopode Artificer on Dec 2, 2015.
             Killed from afar by Dowan (10 damage)
             ... with a puff of frost
             ... on level 4 of the Dungeon.
             The game lasted 00:00:47 (625 turns).

M4edhros the Charlatan (Octopode Artificer)          Turns: 625, Time: 00:00:48

Health: -5/23      AC:  1    Str: 10    XL:     3   Next: 8%
Magic:  5/5        EV: 12    Int: 15    God:
Gold:   133        SH:  0    Dex: 12    Spells: 0 memorised, 2 levels left

rFire  . . .     SeeInvis .     a - +0 short sword
rCold  . . .     Clarity  .     (no shield)
rNeg   . . .     SustAt   .     (helmet restricted)
rPois  .         Gourm    .     i - amulet of resist corrosion
rElec  .         Spirit   .     (no ring)
rCorr  +         Dismiss  .     (no ring)
rMut   .         Stasis   .     (no ring)
MR     .....                    (no ring)
Stlth  +++.......               (no ring)
                                (no ring)
                                (no ring)
                                (no ring)

@: not resistant to hostile enchantments, fairly stealthy
A: almost no armour, amphibious, 8 rings, constrict 8, camouflage 1, gelatinous
body 1
a: no special abilities


You were on level 4 of the Dungeon.
You were not hungry.

You visited 1 branch of the dungeon, and saw 4 of its levels.

You collected 133 gold pieces.

Inventory:

Hand Weapons
 a - a +0 short sword (weapon)
Missiles
 m - 12 sling bullets of flame
Jewellery
 i - an amulet of resist corrosion (around mantle)
Wands
 b - a wand of flame (15)
 c - a wand of enslavement (12)
 d - a wand of random effects (14)
Scrolls
 f - 3 scrolls of remove curse {unknown}
 k - a scroll of magic mapping {unknown}
 n - a scroll of enchant armour {unknown}
 o - a scroll of identify {unknown}
Potions
 g - a potion of curing {unknown}
 l - a potion of agility {unknown}
Comestibles
 e - 3 bread rations
 h - a beef jerky
 j - 2 meat rations


   Skills:
 - Level 1.0 Fighting
 - Level 1.0 Short Blades
 - Level 2.0 Dodging
 + Level 3.3 Stealth
 + Level 3.8 Evocations


You had 2 spell levels left.
You didn't know any spells.

Dungeon Overview and Level Annotations

Branches:
Dungeon (4/15)
 Temple: D:4-7

Altars:
Ru

Annotations:
D:4 Dowan, Duvessa


Innate Abilities, Weirdness & Mutations

You cannot wear most types of armour.
You are amphibious.
You can wear up to eight rings at the same time.
You can use your tentacles to constrict eight enemies at once.
Your skin changes colour to match your surroundings (Stealth).
Your rubbery body absorbs attacks (AC +1).


Message History

r - Retreat! s - Stop attacking. w - Wait here. f - Follow me.
Anything else - Stay silent.
Gang up on whom?
Press: ? - help, Dir - move target cursor, f - Dowan, p - Duvessa
Aim: Dowan, wielding a vampiric dagger and wearing a robe Attack!
Duvessa hits Dowan with a short sword.
Dowan mumbles some strange words.
Dowan blinks!
Evoke which item? (* to show all) (? for menu, Esc to quit)
Zapping:
d - a wand of random effects (15)
Press: ? - help, Shift-Dir - straight line, f/p - Dowan
Aim: Dowan, wielding a vampiric dagger and wearing a robe (lightly wounded)
The bolt of cold hits Dowan.
Dowan is almost dead.
This wand has 14 charges left.
Dowan gestures at you while chanting. The puff of frost hits you!
You die...

..# #..
#%# ..#
#.# #.#
#.# #.#
#.# #.#
#e# #.##
#.#
#..#####e#
#<.....@.#
#....#####
#.##.#
#.##.#
#.##.#
#.##.#
..##.#
####.# #.#


You could see Dowan and the friendly Duvessa.

Vanquished Creatures
  An adder (D:2)
  A worm (D:3)
  3 bats (D:1)
  A giant cockroach (D:1)
  2 goblins
  2 hobgoblins (D:1)
  A kobold (D:2)
  3 rats
14 creatures vanquished.

Notes
Turn   | Place    | Note
--------------------------------------------------------------
     0 | D:1      | M4edhros the Octopode Artificer began the quest for the Orb.
     0 | D:1      | Reached XP level 1. HP: 13/13 MP: 3/3
    92 | D:1      | Reached XP level 2. HP: 18/18 MP: 4/4
   246 | D:2      | Found a sacrificial altar of Ru.
   514 | D:3      | Reached XP level 3. HP: 21/23 MP: 5/5
   613 | D:4      | Noticed Duvessa
   613 | D:4      | Noticed Dowan
   625 | D:4      | Killed from afar by Dowan

Vault maps used:
D:1:      dpeg_arrival_long_road
D:2:      ecumenical_altar_1, eino_curves_03, nicolae_ru_awakened_eye
D:3:      lightli_temple_of_fire, grunt_decor_resistance,
          hangedman_decor_growths
D:4:      minmay_thick_lines, nicolae_overflow_hidden_temple,
          amethyst_overflow_temple_binary, first_bread, uniq_edmund,
          uniq_duvessa, uniq_sigmund

Action                   || total
-------------------------++-------
Melee: Short sword       ||    26
Evoke: Wand              ||     4
 Stab: Sleeping          ||     9
